 Dungeon Crawl Stone Soup version 0.30-a0-722-g3e6e8c874d (webtiles) character file.

Game seed: 15411344248975082766

19 elagabalus the Trooper (level 2, -5/16 HPs)
             Began as a Vine Stalker Berserker on Jan 28, 2023.
             Was a Follower of Trog.
             Slain by a gnoll
             ... wielding a +0 club
              (6 damage)
             ... on level 1 of the Dungeon.
             The game lasted 00:05:27 (389 turns).

elagabalus the Trooper (Vine Stalker Berserker)      Turns: 389, Time: 00:05:27

Health: -5/16      AC:  2    Str: 19    XL:     2   Next: 75%
Magic:  0/3        EV: 12    Int:  7    God:    Trog [*.....]
Gold:   38         SH:  0    Dex: 13    Spells: 1/1 levels left

rFire   . . .      SeeInvis .    a - +0 hand axe
rCold   . . .      Faith    .    (no shield)
rNeg    . . .      Spirit   +    b - +0 animal skin
rPois   .          Reflect  .    (no helmet)
rElec   .          Harm     .    (no cloak)
rCorr   .          Rampage  .    (no gloves)
Will    .....                    (no boots)
Stlth   +                        (no amulet)
HPRegen 0.22/turn                d - ring of flight
MPRegen 0.08/turn                (no ring)

@: on berserk cooldown, flying, slowed, very slow
A: fangs 2, magic shield, antimagic bite, no potion heal 2
a: Renounce Religion, Berserk


You were on level 1 of the Dungeon.
You worshipped Trog.
Trog was aware of your devotion.
You visited 1 branch of the dungeon, and saw 1 of its levels.

You collected 38 gold pieces.

Inventory:

Hand Weapons
 a - a +0 hand axe (weapon)
Armour
 b - a +0 animal skin (worn)
Jewellery
 d - a ring of flight (left hand)
Scrolls
 c - a scroll of teleportation {unknown}


   Skills:
 - Level 3.0 Fighting
 * Level 2.6 Axes
 - Level 2.0 Armour
 - Level 2.0 Dodging


You had one spell level left.
You didn't know any spells.
Your spell library was empty.

Dungeon Overview and Level Annotations

Branches:
Dungeon (1/15)

Altars:


Innate Abilities, Weirdness & Mutations

You have extremely sharp teeth.
When hurt, damage is shared between your health and your magic reserves.
Your bite disrupts and absorbs the magic of your enemies.
Potions cannot restore your health.


Message History

You feel yourself moving faster!
You feel mighty! The bat hits you. x2
The goblin hits you with a +0 dagger.
You slash the bat!
You kill the bat!
Trog accepts your kill.
You hit the goblin.
Your Fighting skill increases to level 3!
You slash the goblin!
You kill the goblin!
Trog accepts your kill.
You see here a +0 dagger.
You feel a strong urge to attack something.
You feel your anger nearly subside.
You are no longer berserk.
You are exhausted.
You feel yourself slow down.
Found a scroll labelled QEEJONT FEATUO.
A gnoll and a ball python come into view.
The ball python hisses angrily.
A ball python comes into view.
The ball python moves out of view.
The ball python hisses angrily.
A rat comes into view.
You hit the gnoll.
The gnoll is moderately wounded.
The gnoll closely misses you.
You barely miss the gnoll. Your bite misses the gnoll.
The gnoll is moderately wounded.
The gnoll hits you with a +0 club!
Ouch! That really hurt!
The gnoll barely misses you.
You hit the gnoll but do no damage.
The gnoll is moderately wounded.
The gnoll closely misses you. The gnoll barely misses you.
You hit the gnoll. You bite the gnoll. You drain its power.
You feel invigorated.
The gnoll is almost dead.
The gnoll hits you with a +0 club. x2
* * * LOW HITPOINT WARNING * * *
The gnoll attacks as you move away! The gnoll hits you with a +0 club!
You die...

....... .....
.r... ... ...
#S# #.# .#
#.###### .#
#SSg@..# .#
######.# .# #.#
.# #.# #.# #.#
#.# #.# ..# #.#
### #.# #
#####.########.


You could see a gnoll and 2 ball pythons.

Vanquished Creatures
  A gnoll (D:1)
  A bat (D:1)
  An endoplasm (D:1)
  A goblin (D:1)
  A hobgoblin (D:1)
  A kobold (D:1)
  A quokka (D:1)
  A frilled lizard (D:1)
  A rat (D:1)
9 creatures vanquished.

Notes
Turn   | Place    | Note
-------+----------+-------------------------------------------
     0 | D:1      | elagabalus the Vine Stalker Berserker began the quest for
                  | the Orb.
     0 | D:1      | Reached XP level 1. HP: 11/11 MP: 2/2
   171 | D:1      | Reached XP level 2. HP: 6/16 MP: 1/3
   364 | D:1      | Reached skill level 3 in Fighting
   389 | D:1      | Slain by a gnoll

Illustrated notes

Levels and vault maps discovered:
D:1:      dpeg_arrival_castle, layout_loops_ring

Skill      XL: |  1  2 |
---------------+-------+-----
Armour         | 2 |  2.0
Dodging        | 2 |  2.0
Fighting       | 3 |  3.0
Axes           | |  2.6

Action                     || total
---------------------------++-------
  Melee: Hand axe          ||    23
         Bite              ||     4
 Invoke: Berserk           ||     2
 Armour: Animal skin       ||     5
  Dodge: Dodged            ||    17

Table legend: (Time is in decaauts)
 A = Elapsed time spent in this place.
 B = Non-inter-level travel time spent in this place.
 C = Inter-level travel time spent in this place.
 D = Time resting spent in this place.
 E = Time spent auto-exploring this place.
 F = Levels seen in this place.
 G = Mean time per level.
                   A        B        C        D        E       F      G
               +--------+--------+--------+--------+--------+-----+--------+
         Total |    414 |    120 |    294 |      0 |      0 |   1 |  414.0 |
       Dungeon |    414 |    120 |    294 |      0 |      0 |   1 |  414.0 |
               +--------+--------+--------+--------+--------+-----+--------+

Top non-repeatable levels by time:
     D:1: 414 daAuts
